 Dungeon Crawl Stone Soup version 0.22.1-1-ga44c0e5 (webtiles) character file.

259 Fang the Chopper (level 6, -6/58 HPs)
             Began as a Gargoyle Berserker on Oct 2, 2018.
             Was a Priest of Trog.
             Mangled by Robin
             ... wielding a +1 spear of distortion
              (22 damage)
             ... on level 4 of the Dungeon.
             The game lasted 00:03:35 (3195 turns).

Fang the Chopper (Gargoyle Berserker)               Turns: 3195, Time: 00:03:35

Health: -6/58      AC:  6    Str: 28    XL:     6   Next: 17%
Magic:  6/6        EV: 12    Int:  7    God:    Trog [***...]
Gold:   153        SH:  0    Dex:  9    Spells: 5/5 levels left

rFire    . . .     SeeInvis .   a - +0 hand axe
rCold    . . .     Gourm    .   (no shield)
rNeg     + . .     Faith    .   b - +0 animal skin
rPois    ∞         Spirit   .   (no helmet)
rElec    +         Reflect  .   (no cloak)
rCorr    .         Harm     .   (no gloves)
MR       .....                  (no boots)
Stlth    ..........             (no amulet)
HPRegen  0.19/turn              (no ring)
MPRegen  0.10/turn              (no ring)

@: berserking, very quick
A: negative energy resistance 1, electricity resistance, unbreathing,
petrification resistance, rot immunity, AC +4
a: Berserk, Trog's Hand, Renounce Religion


You were on level 4 of the Dungeon.
You worshipped Trog.
Trog was most pleased with you.
You were hungry.

You visited 1 branch of the dungeon, and saw 4 of its levels.

You collected 153 gold pieces.

Inventory:

Hand Weapons
 a - a +0 hand axe (weapon)
Armour
 b - a +0 animal skin (worn)
Jewellery
 d - an uncursed ring of see invisible {unknown}
Wands
 l - a wand of flame (38)
 q - a wand of digging (13)
Scrolls
 e - 4 scrolls of remove curse {unknown}
 f - 5 scrolls of identify {unknown}
 k - a scroll of fear {unknown}
 p - a scroll of teleportation {unknown}
Potions
 g - 2 potions of berserk rage {unknown}
 h - a potion of brilliance {unknown}
 i - 2 potions of degeneration {unknown}
 j - a potion of lignification {unknown}
 m - a potion of might {unknown}
 n - a potion of haste {unknown}
 o - a potion of magic {unknown}
Comestibles
 c - 6 rations
 r - 2 chunks of flesh


   Skills:
 + Level 4.4 Fighting
 + Level 4.6 Axes
 + Level 2.3 Armour
 + Level 2.9 Dodging
 + Level 1.0 Stealth


You had 5 spell levels left.
You didn't know any spells.
Your spell library was empty.

Dungeon Overview and Level Annotations

Branches:
Dungeon (4/15)
 Temple: D:4-7

Altars:
Xom
Zin
The Shining One

Annotations:
D:4 Robin


Innate Abilities, Weirdness & Mutations

You are resistant to torment.
Your stone body is resilient. (AC +4)
You are immune to poison.
You resist negative energy. (rN+)
You are resistant to electric shocks. (rElec)
You can survive without breathing.
You are immune to petrification.
You are immune to rotting.


Message History

Unknown command.
You slash the hobgoblin!
You kill the hobgoblin!
Trog accepts your kill.
You slash the goblin!
You feel the power of Trog in you as your rage grows.
You kill the goblin!
Trog accepts your kill. Robin hits you but does no damage.
Space warps horribly around you!
* * * LOW HITPOINT WARNING * * *
Things that are here:
a club; a goblin corpse Unknown command.
You are too injured to fight recklessly!
Unknown command.
You are too injured to fight recklessly!
You are too injured to fight recklessly!
You completely miss Robin. Robin hits you but does no damage.
Space warps horribly around you!
You die...

#...#####..≈≈##.
#####...#..≈≈##.
##+##.)'...'..≈≈≈#.
#...#..#...#..≈≈≈#.
#...#.(#########≈≈(
#...#..).......#≈≈(
#...#....()....'.(.
#.g.#.....)....'...
#)@†#..........'...
#)))#..........#≈≈#
#†'##..#########≈≈#
#......#...# ≈≈##
#......'...+ ≈≈≈#
#......#...# .≈≈##
############


You could see Robin.

Vanquished Creatures
  The ghost of lansh the Slasher, an amateur HuFi (D:3)
  A hound (D:3)
  An orc priest (D:3)
  2 adders
  A dart slug (D:2)
  A leopard gecko (D:3)
  7 orcs (D:3)
  5 giant cockroaches
  15 goblins
  10 hobgoblins
  10 jackals
  2 quokkas
  2 ball pythons (D:3)
  10 bats
  6 frilled lizards
  6 kobolds
  A leopard gecko skeleton (D:4)
  5 rats
86 creatures vanquished.

Notes
Turn   | Place    | Note
-------+----------+-------------------------------------------
     0 | D:1      | Fang the Gargoyle Berserker began the quest for the Orb.
     0 | D:1      | Reached XP level 1. HP: 14/14 MP: 1/1
   223 | D:1      | Reached XP level 2. HP: 13/19 MP: 2/2
   449 | D:1      | Found a shimmering altar of Xom.
   809 | D:2      | Found a glowing golden altar of the Shining One.
   929 | D:2      | Reached XP level 3. HP: 15/24 MP: 3/3
   931 | D:2      | Reached ** piety under Trog
  1367 | D:2      | Found a faded altar of an unknown god.
  1590 | D:3      | Found a glowing silver altar of Zin.
  1643 | D:3      | Found a runed gate.
  1644 | D:3      | Found a runed gate.
  1646 | D:3      | Found a runed gate.
  1648 | D:3      | Noticed lansh's ghost (amateur HuFi)
  1848 | D:3      | Killed lansh's ghost
  1848 | D:3      | Reached XP level 4. HP: 7/29 MP: 4/4
  1848 | D:3      | Reached XP level 5. HP: 8/33 MP: 5/5
  2981 | D:4      | Reached XP level 6. HP: 36/39 MP: 6/6
  2981 | D:4      | Reached *** piety under Trog
  3184 | D:4      | Noticed Robin
  3189 | D:4      | Reached skill level 1 in Stealth
  3195 | D:4      | Mangled by Robin

Skill      XL: |  1  2  3  4  5  6 |
---------------+-------------------+-----
Axes           | 3 4 |  4.6
Dodging        | 2 |  2.9
Fighting       | 4 |  4.4
Stealth        | 1 |  1.0
Armour         | |  2.3

Action                   |  1- 3 |  4- 6 || total
-------------------------+-------+-------++-------
Melee: Hand axe          |   121 |   138 ||   259
Invok: Berserk           |     4 |     2 ||     6
 Stab: Sleeping          |       |     1 ||     1
  Eat: Chunk             |     6 |     6 ||    12
Armor: Animal skin       |    67 |    59 ||   126
Dodge: Dodged            |    97 |   116 ||   213
